 Dungeon Crawl Stone Soup version 0.29.1-1-gd02db6906a (webtiles) character file.

Game seed: 5732937247435679576

1375 hawla the Arsonist (level 9, 0/62 HPs)
             Began as a Meteoran Fire Elementalist on Oct 10, 2022.
             Slain by an orc warrior
             ... wielding a +0 hand axe
              (8 damage)
             ... on level 6 of the Dungeon.
             The game lasted 00:12:30 (2900 turns).

hawla the Arsonist (Meteoran Fire Elementalist)     Turns: 2900, Time: 00:12:30

Health: 0/62       AC:  3    Str: 10    XL:     9   Next: 18%
Magic:  0/17       EV: 13    Int: 22    God:
Gold:   201        SH:  0    Dex: 19    Spells: 6/18 levels left

rFire   . . .      SeeInvis .   k - +8 hammer of the Wolf {pain, *Corrode *Slow rPois Dex+5}
rCold   . . .      Faith    .   (no shield)
rNeg    . . .      Spirit   .   a - +1 robe
rPois   +          Reflect  .   (no helmet)
rElec   .          Harm     .   (no cloak)
rCorr   .          Rampage  .   (no gloves)
Will    +....                   (no boots)
Stlth   +.........              (no amulet)
HPRegen 0.20/turn               (no ring)
MPRegen 0.15/turn               (no ring)

@: glowing
A: sense surroundings 2, otherworldly, glowing, explore regen, sturdy frame 1
a: no special abilities


You were on level 6 of the Dungeon.
You visited 1 branch of the dungeon, and saw 6 of its levels.

You collected 201 gold pieces.

Inventory:

Hand Weapons
 c - a +0 dire flail of holy wrath
 g - a +0 quarterstaff
 k - the +8 hammer of the Wolf (weapon) {pain, *Corrode *Slow rPois Dex+5}
   (You found it on level 2 of the Dungeon)

   In the hands of one skilled in necromantic magic, it inflicts extra damage on
   living creatures.
   Dex:       It affects your dexterity (+5).
   rPois:     It protects you from poison.
   *Corrode:  It may corrode you when you take damage.
   *Slow:     It may slow you when you take damage.
Armour
 a - a +1 robe (worn)
Magical Staves
 e - a staff of air
Jewellery
 f - a +4 ring of protection
Wands
 l - a wand of flame (23)
 p - a wand of digging (7)
 r - a wand of iceblast (10)
Scrolls
 b - a scroll of fear
 d - a scroll of amnesia
 q - a scroll of enchant armour
Potions
 h - 3 potions of attraction
 j - a potion of haste
 n - 2 potions of lignification {unknown}
 o - a potion of cancellation


   Skills:
 - Level 0.1 Fighting
 - Level 0.3 Maces & Flails
 - Level 3.4 Dodging
 - Level 1.4 Stealth
 - Level 5.0 Spellcasting
 - Level 4.6 Conjurations
 + Level 4.5 Necromancy
 - Level 8.4 Fire Magic
 - Level 1.5 Air Magic
 + Level 3.4 Earth Magic
 - Level 1.5 Evocations


You had 6 spell levels left.
You knew the following spells:

 Your Spells              Type           Power      Damage    Failure   Level
a - Foxfire               Conj/Fire      100%       2x1d9     1%          1
b - Scorch                Fire           84%        2d9       1%          2
c - Flame Wave            Conj/Fire      34%        2d10      7%          4
d - Borgnjor's Vile Clut  Necr/Erth      11%        N/A       50%         5

Your spell library contained the following spells:

 Spells                   Type           Power      Damage    Failure   Level
 Conjure Flame            Conj/Fire      34%        6-21      1%          3
 Inner Flame              Hex/Fire       24%        N/A       5%          3
 Animate Dead             Necr           25%        N/A       16%         4
 Death Channel            Necr           12%        N/A       94%         6
 Malign Gateway           Summ/Tloc      2%         N/A       100%        7
 Summon Horrible Things   Summ           2%         N/A       100%        8


Dungeon Overview and Level Annotations

Branches:
Dungeon (6/15) Zot: 685
 Temple: D:4-7

Altars:
Okawaru

Annotations:
D:2 1 runed translucent door, Crazy Yiuf


Innate Abilities, Weirdness & Mutations

You passively map the area around you.
You are easily found by Zot.
You glow in the dark.
You regain HP and MP as you explore.
Your movements are slightly less encumbered by armour. (ER -2)


Message History

Beogh smites you!
You barely miss the orc priest.
The orc priest is severely wounded.
The orc priest drinks a potion.
The orc priest is healed!
You hit the orc priest.
The orc priest writhes in agony.
The orc priest is severely wounded.
The orc warrior unwields a +0 hand axe.
The orc warrior wields a +0 arbalest.
The orc warrior shoots a bolt.
The bolt closely misses you. The orc priest hits you with a +0 club.
Your magical contamination has completely faded away.
You hit the orc priest.
You kill the orc priest!
The orc warrior shoots a bolt.
The bolt hits you!!
* * * LOW HITPOINT WARNING * * *
An orc comes into view. It is wielding a +0 hand axe.
The orc warrior unwields a +0 arbalest.
The orc warrior wields a +0 hand axe.
The orc warrior misses you.
You closely miss the orc warrior.
The orc warrior hits you with a +0 hand axe.
* * * LOW HITPOINT WARNING * * *
The orc warrior hits you with a +0 hand axe.
* * * LOW HITPOINT WARNING * * *
You feel better. The orc warrior closely misses you.
Casting: Scorch (safe; 1% risk of failure)
Confirm with . or Enter, or press ? or * to list all spells.
Casting: Flame Wave (dangerous; 7% risk of failure)
Press: ? - help, Dir - look around, f - activate A wave of flame ripples out!
The flame wave engulfs the orc warrior!
The orc warrior is moderately wounded. (Press . to intensify the flame waves.)
You hear the slow rusting of a very distant drain.
You hear a shout! x2
The orc warrior hits you with a +0 hand axe!
* * * LOW HITPOINT WARNING * * *
A wave of flame ripples out!
The flame wave engulfs the orc warrior!
The orc warrior is severely wounded.
The flame wave engulfs the orc!!
You kill the orc!
The orc warrior hits you with a +0 hand axe!
You die...

,..........#### ,* , ~
~≈≈≈≈≈.≈.### * ..o~≈~P *
......≈.## * o.~P≈≈~~ ,
#.###.≈..### ...~≈≈~ ,,* #
#.≈....# .§§~≈≈P ,
#.≈....##### ..§≈≈≈~ *
,#.≈†.......# §.†~~≈≈~, * *
,#.≈....###)#####...~~≈≈ ,
*
....≈.....#..@oo......P≈≈,
~ ≈≈≈≈≈.....#..####....~~≈≈
...........#..# ....S~≈≈≈*
,......####.#..#,#.....#≈≈≈
##### ##.#..#.##.#..# ≈≈ ,
* * ######†.#..........# ≈
* ........#.#.......##*
.#####....#.####### ~*
#..........#, ~ *


You could see an orc warrior, an electric eel and an orc.

Vanquished Creatures
  Grinder (D:3)
  Menkaure (D:5)
  An ice beast (D:5)
  A black bear (D:6)
  A kobold brigand (D:5)
  Blork the orc (D:5)
  A bullfrog (D:6)
  A scorpion (D:5)
  A howler monkey (D:5)
  2 electric eels (D:6)
  A jelly (D:5)
  2 orc priests (D:6)
  4 hounds
  An iguana (D:5)
  Terence (D:2)
  2 orc wizards
  5 adders
  4 gnolls (D:3)
  2 shadow imps
  An ufetubus (D:4)
  A worm (D:3)
  5 dart slugs
  9 orcs
  7 bats
  3 endoplasms
  4 giant cockroaches
  10 goblins
  3 hobgoblins
  4 jackals (D:3)
  13 kobolds
  3 quokkas
  12 ball pythons
  3 frilled lizards
  7 rats
118 creatures vanquished.

Vanquished Creatures (others)
  190 foxfires
190 creatures vanquished.

Grand Total: 308 creatures vanquished

Notes
Turn   | Place    | Note
-------+----------+-------------------------------------------
     0 | D:1      | hawla the Meteoran Fire Elementalist began the quest for
                  | the Orb.
     0 | D:1      | Reached XP level 1. HP: 14/14 MP: 5/5
    64 | D:1      | Reached skill level 4 in Fire Magic
    83 | D:1      | Reached XP level 2. HP: 20/20 MP: 6/6
   296 | D:1      | Reached XP level 3. HP: 26/26 MP: 6/8
   333 | D:1      | Learned a level 2 spell: Scorch
   456 | D:1      | Found a faded altar of an unknown god.
   500 | D:1      | Glimpsed the power of Zot.
   511 | D:2      | Found an iron altar of Okawaru.
   767 | D:2      | Reached XP level 4. HP: 33/33 MP: 5/9
   822 | D:2      | Learned a level 4 spell: Flame Wave
   871 | D:2      | Found a runed translucent door.
   874 | D:2      | Noticed Crazy Yiuf
   891 | D:2      | Identified the +8 hammer of the Wolf {pain, *Corrode *Slow
                  | rPois Dex+5}
  1091 | D:2      | Noticed Terence
  1097 | D:2      | Killed Terence
  1098 | D:2      | Reached skill level 5 in Fire Magic
  1099 | D:2      | Glimpsed the power of Zot.
  1149 | D:2      | Glimpsed the power of Zot.
  1217 | D:3      | Reached XP level 5. HP: 36/38 MP: 3/10
  1220 | D:3      | Noticed Grinder
  1226 | D:3      | Killed Grinder
  1227 | D:3      | Reached skill level 6 in Fire Magic
  1227 | D:3      | Reached XP level 6. HP: 42/45 MP: 4/11
  1243 | D:3      | Reached skill level 7 in Fire Magic
  1580 | D:3      | Reached XP level 7. HP: 32/50 MP: 3/12
  1582 | D:3      | Reached skill level 1 in Necromancy
  1697 | D:3      | Glimpsed the power of Zot.
  2257 | D:5      | Entered Level 5 of the Dungeon
  2263 | D:5      | Gained mutation: Your movements are slightly less
                  | encumbered by armour. (ER -2) [potion of mutation]
  2431 | D:5      | Reached skill level 1 in Air Magic
  2431 | D:5      | Reached skill level 1 in Evocations
  2466 | D:5      | Reached XP level 8. HP: 30/57 MP: 2/14
  2530 | D:5      | Noticed Blork the orc
  2540 | D:5      | Killed Blork the orc
  2541 | D:5      | Reached skill level 8 in Fire Magic
  2632 | D:5      | Noticed Menkaure
  2635 | D:5      | Killed Menkaure
  2636 | D:5      | Reached skill level 5 in Spellcasting
  2642 | D:5      | Learned a level 5 spell: Borgnjor's Vile Clutch
  2827 | D:6      | Reached skill level 1 in Earth Magic
  2855 | D:6      | Gained mutation: You passively map the area around you.
                  | [Meteoran growth]
  2855 | D:6      | Reached XP level 9. HP: 62/62 MP: 10/17
  2900 | D:6      | Slain by an orc warrior

Illustrated notes

Levels and vault maps discovered:
D:1:      tarquinn_simple_flora_water_d, layout_loops_ring,
          ebering_ecumenical_altar_abandoned, kennysheep_doodads
D:2:      layout_loops_corners, basic_altar,
          hangedman_abyss_or_decor_lesser_grid, uniq_crazy_yiuf_cottage,
          uniq_terence
D:3:      layout_rooms, nicolae_overflow_hidden_temple, hex_tiny, uniq_grinder
D:4:      layout_rooms, bh_walls_and_bars
D:5:      layout_basic, uniq_menkaure, uniq_blork_the_orc
D:6:      layout_basic, mainiacjoe_overflow_brackets, kennysheep_mini,
          minmay_temple_entry_arrows, portal_sewer_entry_e, chequers_big_river,
          uniq_eustachio

Skill      XL: |  1  2  3  4  5  6  7  8  9 |
---------------+----------------------------+-----
Fire Magic     | 4 5 6 7 8 |  8.4
Spellcasting   | 3 5 |  5.0
Conjurations   | 2 3 4 |  4.6
Necromancy     | 3 4 |  4.5
Air Magic      | 1 |  1.5
Evocations     | 1 |  1.5
Dodging        | 3 |  3.4
Earth Magic    | 2 3 |  3.4
Fighting       | |  0.1
Maces & Flails | |  0.3
Stealth        | |  1.4

Action                   |  1- 3 |  4- 6 |  7- 9 || total
-------------------------+-------+-------+-------++-------
Melee: Unarmed           |     9 |       |       ||     9
       Mace              |       |     7 |    31 ||    38
 Cast: Foxfire           |    41 |    31 |    44 ||   116
       Scorch            |     5 |    12 |    28 ||    45
       Flame Wave        |       |     2 |     5 ||     7
  Use: Scroll            |     2 |     5 |    12 ||    19
       Potion            |       |     1 |     5 ||     6
Armor: Robe              |     8 |     3 |    10 ||    21
Dodge: Dodged            |    17 |     6 |    48 ||    71
